Map: Acropolis LE

Players

Lambo

  • Race: Zerg Zerg
  • League: Grandmaster
  • Spawn Location: 5:00

Bunny - Winner!

  • Race: Terran Terran
  • Spawn Location: 11:00

Event: HomeStory Cup XX

VOD

Have the link to the VOD?

Description

Time

  • Played on: Nov. 22, 2019, 5:51 a.m.
  • Length: 18:19

All games in this series

Show
View Real Time Build Order
Export as new Build Order

Lambo Zerg 

Build Orders: Hatch First, Lurkers 

Get SALT Encoding   

  12  0:00  Drone  
  13  0:13  Overlord  
  13  0:16  Drone  
  14  0:31  Drone x2  
  16  0:47  Hatchery  
  15  0:50  Drone  
  15  0:54  Drone  
  17  1:00  Drone  
  18  1:15  Spawning Pool  
  17  1:18  Drone  
  17  1:22  Drone  
  19  1:30  Extractor  
  18  1:34  Drone  
  19  1:42  Drone  
  21  1:54  Drone  
  21  2:02  Queen x2  
  21  2:04  Drone  
  21  2:06  Zergling x2  
  27  2:14  Overlord  
  27  2:15  Zergling x2  
  28  2:33  Drone x2  
  28  2:36  Drone  
  29  2:37  Drone  
  29  2:38  Queen  
  32  2:44  Metabolic Boost  
  32  2:51  Drone x2  
  34  2:54  Drone  
  35  3:03  Overlord  
  35  3:10  Hatchery  
  34  3:14  Drone  
  35  3:21  Overlord  
  35  3:23  Drone x4  
  39  3:30  Queen  
  41  3:35  Drone x2  
  41  3:40  Roach Warren  
  42  3:43  Drone  
  42  3:44  Drone  
  42  3:47  Drone  
  45  3:48  Drone  
  45  3:51  Drone  
  45  3:52  Extractor  
  45  3:54  Extractor, Drone  
  47  3:55  Drone  
  47  3:58  Drone  
  47  4:00  Drone  
  47  4:02  Overlord  
  49  4:05  Drone  
  50  4:11  Overlord  
  50  4:12  Drone  
  50  4:13  Overlord  
  51  4:24  Roach  
  51  4:25  Roach x3  
  51  4:29  Roach  
  61  4:32  Roach  
  61  4:35  Roach  
  61  4:36  Roach  
  69  4:38  Roach x2  
  69  4:41  Roach  
  73  4:46  Overlord  
  73  4:48  Ravager, Overlord  
  73  4:51  Overlord  
  74  4:54  Overlord  
  74  4:59  Overlord  
  74  5:02  Overlord  
  74  5:06  Zergling x6  
  77  5:08  Ravager x3  
  77  5:09  Zergling x2  
  77  5:11  Zergling x2  
  82  5:15  Zergling x6  
  82  5:17  Ravager  
  86  5:22  Zergling x4  
  86  5:24  Zergling x4  
  86  5:25  Ravager  
  86  5:28  Zergling x2  
  92  5:31  Queen  
  92  5:35  Drone x3  
  96  5:38  Drone x2  
  96  5:42  Drone x2  
  96  5:46  Drone  
  96  5:48  Drone x3  
  80  5:57  Drone x3  
  80  5:59  Drone x3  
  80  6:03  Lair  
  76  6:08  Spore Crawler  
  76  6:10  Spore Crawler, Drone  
  76  6:11  Spore Crawler, Drone  
  76  6:15  Queen  
  76  6:17  Roach  
  79  6:20  Roach x2  
  79  6:22  Drone x2  
  79  6:25  Drone x2  
  87  6:26  Evolution Chamber  
  87  6:29  Extractor  
  87  6:30  Extractor  
  87  6:31  Roach  
  86  6:33  Drone x2  
  86  6:34  Evolution Chamber  
  86  6:36  Drone x3  
  86  6:37  Drone  
  90  6:43  Queen  
  90  6:44  Roach x2  
  90  6:45  Drone  
  98  6:47  Drone  
  98  6:48  Drone  
  98  6:49  Drone  
  98  6:51  Drone x2  
  98  6:53  Drone  
  99  6:55  Overlord  
  99  7:00  Extractor, Drone x2  
  99  7:04  Overlord  
  97  7:09  Glial Reconstitution, Zerg Ground Armor Level 1, Evolution Chamber  
  97  7:10  Overseer  
  97  7:12  Overseer  
  97  7:13  Drone x2  
  97  7:14  Drone  
  99  7:25  Hatchery  
  99  7:29  Roach x7  
  112  7:33  Ravager  
  112  7:34  Drone  
  112  7:35  Zerg Missile Weapons Level 1  
  114  7:37  Roach  
  114  7:38  Roach  
  114  7:40  Overlord  
  118  7:47  Roach  
  118  7:48  Hydralisk Den, Roach x3  
  125  7:53  Roach  
  125  7:54  Roach  
  125  7:55  Pneumatized Carapace  
  125  7:58  Overlord  
  129  7:59  Roach  
  129  8:04  Roach x3  
  137  8:05  Spore Crawler  
  137  8:09  Overlord, Roach  
  137  8:10  Overlord  
  138  8:14  Overlord  
  138  8:23  Spore Crawler, Roach  
  138  8:24  Roach x3  
  145  8:29  Overlord  
  145  8:32  Roach x3  
  149  8:37  Ravager x6  
  149  8:41  Roach x4  
  160  8:44  Spore Crawler  
  160  8:45  Roach x2  
  160  8:46  Roach  
  168  8:48  Roach  
  168  8:51  Overlord  
  168  8:52  Queen  
  167  9:03  Roach x6  
  167  9:05  Queen  
  180  9:10  Ravager x2, Overlord  
  180  9:17  Spore Crawler, Queen  
  179  9:22  Roach x3  
  186  9:29  Roach  
  186  9:30  Roach x4  
  196  9:34  Roach  
  196  9:38  Roach x2  
  199  9:43  Roach x3  
  198  9:47  Roach  
  198  9:49  Overlord  
  182  9:54  Roach x3  
  182  9:57  Roach x2  
  182  9:58  Roach x4  
  160  10:06  Drone x3  
  145  10:09  Infestation Pit  
  145  10:11  Drone x2  
  144  10:14  Drone  
  144  10:17  Drone  
  144  10:19  Extractor  
  144  10:20  Extractor, Spore Crawler  
  140  10:21  Hydralisk x2  
  144  10:30  Hydralisk x3  
  144  10:32  Zerg Missile Weapons Level 2, Drone  
  151  10:38  Drone x3  
  151  10:39  Drone  
  151  10:42  Hydralisk x2  
  159  10:45  Hydralisk  
  159  10:49  Hatchery  
  160  10:53  Hydralisk x3  
  142  11:00  Hydralisk x2  
  146  11:07  Muscular Augments, Drone x3  
  149  11:15  Queen  
  149  11:17  Extractor  
  150  11:19  Hive  
  150  11:20  Hydralisk x2  
  144  11:29  Overseer  
  136  11:34  Hydralisk x2, Roach x3  
  144  11:44  Lurker Den  
  143  11:48  Hydralisk x2  
  143  11:49  Roach x2  
  143  11:50  Extractor  
  143  11:51  Overlord  
  143  11:52  Extractor  
  143  11:53  Overlord  
  147  11:55  Overlord  
  147  12:03  Drone x3  
  147  12:04  Drone x3  
  147  12:07  Drone x3  
  156  12:10  Drone x3  
  156  12:12  Hydralisk x6  
  156  12:15  Spore Crawler  
  170  12:16  Spine Crawler  
  170  12:19  Grooved Spines  
  169  12:33  Hydralisk x6  
  179  12:41  Hydralisk x3  
  179  12:43  Seismic Spines  
  183  12:44  Overseer  
  183  12:50  Drone x9  
  190  12:58  Viper  
  190  13:02  Viper  
  196  13:07  Spore Crawler  
  195  13:14  Viper  
  195  13:19  Evolution Chamber x3  
  195  13:21  Evolution Chamber  
  195  13:22  Overlord  
  195  13:24  Zerg Missile Weapons Level 3  
  194  13:29  Lurker x3  
  194  13:30  Lurker  
  198  13:36  Overseer  
  196  13:45  Hydralisk x6  
  192  13:56  Roach  
  192  13:58  Adaptive Talons  
  192  14:01  Overlord  
  192  14:02  Overlord x3  
  184  14:08  Overlord  
  184  14:09  Overlord  
  184  14:10  Overlord  
  180  14:32  Viper x2  
  186  14:41  Overseer, Hydralisk x7  
  186  14:45  Hatchery  
  195  14:51  Hydralisk x6  
  195  14:59  Hydralisk x7  
  199  15:14  Extractor  
  199  15:20  Roach  
  194  15:31  Viper x3  
  194  15:35  Drone x7  
  179  15:43  Extractor  
  179  15:44  Drone x2  
  176  15:52  Evolution Chamber  
  176  15:53  Evolution Chamber  
  176  15:54  Lurker, Evolution Chamber  
  176  15:55  Lurker x3  
  177  15:59  Queen x2  
  177  16:00  Zerg Ground Armor Level 2  
  177  16:03  Hatchery  
  180  16:04  Lurker  
  180  16:05  Hydralisk x5  
  191  16:15  Hydralisk x3  
  191  16:24  Hydralisk x3  
  192  16:42  Hydralisk x6  
  192  16:46  Hydralisk  
  192  16:47  Hydralisk x5  
  144  16:56  Lurker  
  144  16:57  Lurker  
  144  16:58  Lurker x2  
  144  16:59  Lurker, Roach  
  151  17:06  Hydralisk x4  
  144  17:18  Roach  
  144  17:19  Roach x4  
  151  17:29  Lurker x2  
  145  17:31  Lurker  
  145  17:32  Lurker  
  145  17:33  Lurker  
  146  17:38  Roach  
  147  17:55  Roach x5  
Show
View Real Time Build Order
Export as new Build Order

Bunny Terran - Winner!

Build Orders: Reaper Expand, Hellion Banshee, Mech 

Get SALT Encoding   

  12  0:00  SCV  
  13  0:13  Supply Depot  
  13  0:17  SCV  
  14  0:36  Barracks  
  14  0:47  Barracks  
  14  0:55  SCV  
  15  1:03  Refinery  
  15  1:07  SCV  
  16  1:24  Orbital Command  
  15  1:25  Marine  
  16  1:45  Reaper  
  17  1:51  SCV  
  18  2:00  Command Center  
  17  2:03  SCV  
  18  2:15  SCV  
  18  2:22  Factory  
  19  2:28  SCV  
  20  2:40  SCV  
  21  2:52  SCV  
  21  2:53  Refinery  
  22  3:04  SCV  
  23  3:06  Factory Reactor  
  23  3:12  Orbital Command  
  23  3:16  SCV  
  23  3:18  Command Center  
  24  3:25  Marine  
  25  3:29  SCV  
  25  3:30  Starport  
  26  3:37  SCV  
  27  3:42  Hellion  
  27  3:43  Hellion  
  27  3:44  SCV  
  32  3:49  SCV  
  32  3:50  Barracks Tech Lab  
  33  3:57  SCV  
  33  4:01  Supply Depot, SCV  
  35  4:06  Viking  
  35  4:09  SCV  
  38  4:23  Hellion x2, SCV  
  43  4:25  Supply Depot, SCV  
  43  4:31  Orbital Command  
  44  4:35  SCV  
  44  4:37  SCV  
  50  4:45  Hellion  
  50  4:46  Hellion, Cloaking Field, Banshee  
  50  4:51  SCV x2  
  55  4:54  Supply Depot  
  55  4:58  SCV  
  56  5:03  SCV  
  61  5:07  Hellion x2  
  61  5:10  SCV x2  
  63  5:15  SCV  
  63  5:19  Engineering Bay  
  64  5:21  Supply Depot  
  64  5:25  Factory  
  68  5:28  Hellion x2, Banshee, SCV  
  68  5:35  Supply Depot  
  70  5:38  Orbital Command  
  52  5:57  SCV  
  52  5:58  SCV  
  52  6:04  SCV  
  53  6:07  Barracks Tech Lab  
  53  6:09  SCV  
  53  6:10  Hyperflight Rotors, SCV  
  55  6:11  Factory, Banshee  
  55  6:16  SCV  
  59  6:21  Hellion x2  
  59  6:22  SCV x2  
  65  6:28  SCV  
  65  6:29  Refinery, Armory  
  65  6:30  Refinery  
  66  6:34  SCV x2  
  68  6:40  SCV, Cyclone  
  68  6:46  SCV  
  73  6:51  SCV  
  73  6:52  SCV  
  75  6:56  Refinery  
  75  6:57  Refinery  
  75  6:58  SCV  
  75  7:00  Supply Depot  
  76  7:02  Supply Depot  
  76  7:03  SCV  
  76  7:04  Armory  
  76  7:05  SCV  
  72  7:09  Factory Tech Lab, Banshee  
  72  7:10  SCV  
  76  7:16  SCV  
  76  7:21  SCV  
  76  7:22  SCV  
  79  7:28  SCV  
  83  7:31  Terran Vehicle Weapons Level 1  
  83  7:32  Supply Depot, Armory  
  83  7:33  SCV  
  83  7:34  SCV  
  82  7:40  SCV  
  82  7:41  Siege Tank  
  90  7:45  SCV  
  90  7:46  SCV  
  90  7:49  Siege Tank  
  91  7:51  Supply Depot  
  91  7:52  Supply Depot, SCV  
  91  7:53  Terran Vehicle And Ship Armor Level 1, Engineering Bay  
  91  7:54  Supply Depot  
  91  7:57  SCV  
  91  7:58  Banshee, SCV  
  96  8:04  SCV  
  98  8:10  SCV x2  
  98  8:11  Command Center  
  100  8:22  SCV x2  
  100  8:23  SCV  
  100  8:26  Siege Tank x2  
  106  8:34  SCV x2  
  106  8:35  SCV  
  109  8:42  Hellion x2  
  109  8:45  Supply Depot  
  113  8:49  Factory, Supply Depot  
  113  8:50  Factory  
  113  8:58  Siege Tank  
  113  8:59  Siege Tank  
  113  9:02  Starport Reactor  
  119  9:07  Hellbat  
  119  9:08  Hellbat  
  119  9:09  SCV x3  
  126  9:13  Command Center  
  126  9:14  Supply Depot  
  126  9:17  Supply Depot, Sensor Tower  
  126  9:29  Hellion, Hellbat  
  126  9:31  Siege Tank x2  
  136  9:35  Siege Tank  
  138  9:45  Factory Reactor  
  138  9:46  Command Center  
  138  9:50  Hellion  
  139  9:59  SCV x3  
  107  10:00  Hellbat  
  107  10:03  Siege Tank x2  
  105  10:07  Siege Tank  
  105  10:11  SCV x2  
  107  10:16  SCV  
  107  10:17  Hellion x4  
  107  10:19  Hellion  
  109  10:22  Hellbat  
  109  10:23  SCV x2  
  109  10:28  SCV  
  114  10:31  Viking  
  114  10:34  Thor  
  114  10:35  SCV  
  123  10:41  SCV x3  
  126  10:54  Thor  
  123  11:00  Thor  
  123  11:03  SCV  
  123  11:04  SCV x2  
  130  11:08  Terran Vehicle Weapons Level 2  
  130  11:18  Hellion x4  
  138  11:23  SCV x3  
  138  11:25  Siege Tank  
  138  11:37  Siege Tank, SCV x3  
  138  11:39  Orbital Command  
  144  11:55  Siege Tank  
  144  11:57  Siege Tank, SCV x3, Terran Vehicle And Ship Armor Level 2  
  144  12:01  Refinery, Planetary Fortress  
  153  12:03  Refinery  
  153  12:10  Hellion x6  
  153  12:11  Planetary Fortress  
  153  12:13  SCV x3  
  153  12:14  SCV  
  157  12:18  Siege Tank  
  157  12:19  Hellbat x2  
  161  12:23  Supply Depot  
  161  12:24  Hellbat, Supply Depot  
  161  12:25  SCV  
  164  12:39  Factory  
  164  12:40  Factory  
  161  12:46  Siege Tank x2  
  161  12:48  Infernal Pre-Igniter  
  167  12:57  Hellbat x4  
  169  13:03  Missile Turret, Thor  
  169  13:04  Sensor Tower  
  175  13:14  SCV x5  
  175  13:18  Refinery, Supply Depot, Thor  
  175  13:19  Supply Depot  
  186  13:25  Terran Vehicle Weapons Level 3  
  186  13:35  Factory Tech Lab, Factory Reactor  
  186  13:40  Siege Tank  
  185  13:46  Siege Tank  
  185  13:47  Hellion x2  
  185  13:48  Hellbat, Hellion  
  192  13:55  Command Center x2  
  188  14:01  Siege Tank  
  191  14:10  Siege Tank  
  191  14:11  Hellion  
  191  14:12  Hellion x3, Siege Tank  
  191  14:15  Starport  
  199  14:19  Siege Tank  
  193  14:26  Fusion Core  
  193  14:31  Hellion x2  
  185  14:33  Hellion, Siege Tank  
  185  14:34  Hellion x5  
  185  14:36  Missile Turret  
  190  14:42  Siege Tank  
  190  14:44  Siege Tank  
  197  14:45  Hellion  
  197  14:46  Hellion x2  
  197  14:51  Siege Tank  
  194  14:53  Hellion  
  194  14:54  Hellion  
  196  15:02  Terran Vehicle And Ship Armor Level 3  
  196  15:05  Siege Tank  
  199  15:08  Starport Reactor  
  199  15:10  Refinery  
  199  15:12  Command Center  
  199  15:16  Orbital Command x2  
  199  15:34  Siege Tank x2  
  199  15:35  Siege Tank  
  190  15:37  Siege Tank  
  190  15:38  Hellbat x4  
  190  15:39  Hellbat  
  190  15:42  Liberator x4  
  182  15:45  Advanced Ballistics  
  174  15:50  Missile Turret  
  180  16:04  Terran Ship Weapons Level 1  
  187  16:11  Siege Tank x2  
  187  16:12  Siege Tank  
  193  16:25  Liberator  
  185  16:28  Siege Tank  
  185  16:30  Hellbat  
  190  16:35  Hellbat x2  
  190  16:37  Hellbat  
  194  16:41  Missile Turret  
  194  16:43  Siege Tank x2  
  194  16:44  Hellbat, Siege Tank  
  175  16:57  Sensor Tower, Missile Turret  
  175  16:59  Missile Turret  
  175  17:00  Siege Tank  
  178  17:06  Hellbat  
  178  17:07  Hellbat x4  
  188  17:13  Viking  
  188  17:15  Siege Tank x2  
  187  17:16  Siege Tank  
  187  17:17  Viking  
  185  17:24  Planetary Fortress  
  185  17:33  Siege Tank  
  185  17:34  Viking  
  185  17:35  Viking  
  190  17:38  Refinery  
  190  17:43  Viking  
  192  17:46  Refinery  
Tags
 
Add a new tag
Caveats
  • Supply blocks, unpowered buildings, or Contaminate may cause inaccurate times.
  • Supply counts are checked every 10 seconds.